 Dungeon Crawl Stone Soup version 0.29-a0-323-g050149af67 (webtiles) character file.

Game seed: 17391535181409996390

112 Ajdolov the Ruffian (level 4, -3/41 HPs)
             Began as a Ghoul Monk on Apr 10, 2022.
             Killed from afar by Ijyb (10 damage)
             ... with a puff of flame
             ... on level 3 of the Dungeon.
             The game lasted 00:01:53 (2381 turns).

Ajdolov the Ruffian (Ghoul Monk)                    Turns: 2381, Time: 00:01:54

Health: -3/41      AC:  6    Str: 16    XL:     4   Next: 93%
Magic:  3/3        EV: 14    Int:  5    God:
Gold:   100        SH:  0    Dex: 11    Spells: 3/3 levels left

rFire   . . .      SeeInvis .     - Unarmed
rCold   + . .      Faith    .   (no shield)
rNeg    + + +      Spirit   .   j - +0 scale mail
rPois   ∞          Reflect  .   (no helmet)
rElec   .          Harm     .   (no cloak)
rCorr   .          Rampage  .   (no gloves)
Will    .....                   (no boots)
Stlth   ..........              (no amulet)
HPRegen 0.00/turn               h - +4 ring of evasion
MPRegen 0.08/turn               (no ring)

@: confused, ambrosia-drunk, inhibited regen
A: claws 1, cold resistance 1, negative energy resistance 3, inhibited
regeneration, torment resistance 2, devour on kill
a: no special abilities


You were on level 3 of the Dungeon.
You visited 1 branch of the dungeon, and saw 3 of its levels.

You collected 100 gold pieces.

Inventory:

Armour
 j - a +0 scale mail (worn)
Jewellery
 h - a +4 ring of evasion (left claw)
Wands
 d - a wand of paralysis (6)
Scrolls
 c - 3 scrolls of fear {unknown}
 e - a scroll of fog {unknown}
 i - 2 scrolls of silence {unknown}
 l - a scroll of enchant weapon {unknown}
 m - a scroll of teleportation {unknown}
 n - a scroll of vulnerability {unknown}
Potions
 a - a potion of might {unknown}
 f - a potion of magic {unknown}
 g - a potion of heal wounds {unknown}
 k - a potion of curing {unknown}


   Skills:
 + Level 4.3 Fighting
 - Level 2.6 Dodging
 - Level 2.1 Stealth
 * Level 5.2 Unarmed Combat


You had 3 spell levels left.
You didn't know any spells.
Your spell library contained the following spells:

 Spells                   Type           Power      Damage    Failure   Level
 Slow                     Hex            0%         N/A       90%         1
 Confusing Touch          Hex            0%         N/A       99%         3
 Vampiric Draining        Necr           0%         2d6       99%         3


Dungeon Overview and Level Annotations

Branches:
Dungeon (3/15)

Altars:

Annotations:
D:3 Ijyb


Innate Abilities, Weirdness & Mutations

You are immune to poison.
You have sharp fingernails.
Your flesh is cold resistant. (rC+)
You are immune to negative energy. (rN+++)
You do not regenerate when monsters are visible.
You are immune to unholy pain and torment.
You thrive by killing the living.


Message History

You closely miss Ijyb.
Ijyb zaps a wand.
The puff of flame misses you.
You scratch Ijyb but do no damage. Ijyb hits you with a +0 club.
You barely miss Ijyb. Ijyb misses you.
You barely miss Ijyb. Ijyb hits you with a +0 club.
You completely miss Ijyb. Ijyb closely misses you.
You scratch Ijyb but do no damage. You scratch Ijyb.
Ijyb is moderately wounded.
Ijyb hits you with a +0 club.
You closely miss Ijyb.
Ijyb is moderately wounded.
Ijyb hits you but does no damage.
You claw Ijyb!
Ijyb is heavily wounded.
Ijyb hits you with a +0 club.
You scratch Ijyb but do no damage.
Ijyb is heavily wounded.
Ijyb zaps a wand.
The puff of flame hits you.
You scratch Ijyb but do no damage.
Ijyb is heavily wounded.
Ijyb completely misses you.
You scratch Ijyb but do no damage.
Ijyb is heavily wounded.
Ijyb hits you with a +0 club.
You barely miss Ijyb.
Ijyb is heavily wounded.
Ijyb hits you with a +0 club.
You scratch Ijyb but do no damage.
Ijyb is heavily wounded.
Ijyb zaps a wand.
The puff of flame hits you.
* * * LOW HITPOINT WARNING * * *
You closely miss Ijyb.
Ijyb is heavily wounded.
Ijyb zaps a wand.
The puff of flame hits you.
* * * LOW HITPOINT WARNING * * *
You scratch Ijyb but do no damage.
Ijyb is heavily wounded.
You are confused.
You feel invigorated.
Ijyb zaps a wand.
The puff of flame hits you!
You die...

.. #. #. . #.
#.#.. #
####.#.#####.####.
..........@g......
###....####.####.
###.#.#.###.####
...#........... #
#.#.#.########
#...## ##.## #.#
####.####


You could see Ijyb.

Vanquished Creatures
  A gnoll (D:1)
  4 adders (D:2)
  2 worms (D:2)
  4 dart slugs
  7 endoplasms
  A giant cockroach (D:2)
  4 goblins
  9 hobgoblins
  2 jackals (D:1)
  6 ball pythons
  3 bats
  3 frilled lizards
  4 kobolds
  A rat (D:1)
51 creatures vanquished.

Vanquished Creatures (others)
  A withered plant (D:1)
1 creature vanquished.

Grand Total: 52 creatures vanquished

Notes
Turn   | Place    | Note
-------+----------+-------------------------------------------
     0 | D:1      | Ajdolov the Ghoul Monk began the quest for the Orb.
     0 | D:1      | Reached XP level 1. HP: 19/19 MP: 0/0
   295 | D:1      | Reached XP level 2. HP: 25/26 MP: 1/1
   463 | D:1      | Reached skill level 4 in Unarmed Combat
   463 | D:1      | Reached XP level 3. HP: 23/33 MP: 2/2
   546 | D:1      | Found a faded altar of an unknown god.
  1082 | D:2      | Reached XP level 4. HP: 23/40 MP: 3/3
  1622 | D:2      | Reached skill level 5 in Unarmed Combat
  2361 | D:3      | Noticed Ijyb
  2381 | D:3      | Killed from afar by Ijyb

Illustrated notes

Levels and vault maps discovered:
D:1:      heliophobic_arrival_ceremonial_halls, layout_rooms,
          shapermc_ecumenical_altar_gd, minmay_bisected
D:2:      minmay_inner_zag, layout_basic
D:3:      layout_loops_cross, uniq_ijyb

Skill      XL: |  1  2  3  4 |
---------------+-------------+-----
Unarmed Combat | 4 5 |  5.2
Fighting       | 4 |  4.3
Dodging        | |  2.6
Stealth        | |  2.1

Action                   |  1- 3 |  4- 6 || total
-------------------------+-------+-------++-------
Melee: Unarmed           |    85 |    89 ||   174
       Punch             |     2 |     1 ||     3
  Use: Potion            |       |     1 ||     1
 Stab: Sleeping          |     1 |       ||     1
Armor: Robe              |     5 |       ||     5
       Scale mail        |       |    22 ||    22
Dodge: Dodged            |    52 |    67 ||   119

Table legend: (Time is in decaauts)
 A = Elapsed time spent in this place.
 B = Non-inter-level travel time spent in this place.
 C = Inter-level travel time spent in this place.
 D = Time resting spent in this place.
 E = Time spent auto-exploring this place.
 F = Levels seen in this place.
 G = Mean time per level.
                   A        B        C        D        E       F      G
               +--------+--------+--------+--------+--------+-----+--------+
         Total |   2364 |   2314 |     50 |      0 |   1931 |   3 |  788.0 |
       Dungeon |   2364 |   2314 |     50 |      0 |   1931 |   3 |  788.0 |
               +--------+--------+--------+--------+--------+-----+--------+

Top non-repeatable levels by time:
     D:2: 1319 daAuts
     D:1: 987 daAuts
     D:3: 57 daAuts
